 Dungeon Crawl Stone Soup version 0.25.1-2-g60ff931df9 (webtiles) character file.

Game seed: 12049448122369520819

2275 funkygono the Conjurer (level 9, -6/48 HPs)
             Began as a Gargoyle Conjurer on Sept 13, 2020.
             Mangled by Duvessa
             ... wielding a +1 rapier of venom
              (16 damage)
             ... on level 7 of the Dungeon.
             The game lasted 00:20:37 (8655 turns).

funkygono the Conjurer (Gargoyle Conjurer)          Turns: 8655, Time: 00:20:38

Health: -6/48      AC: 16    Str: 12    XL:     9   Next: 39%
Magic:  2/18       EV: 12    Int: 19    God:
Gold:   356        SH:  0    Dex: 10    Spells: 13/21 levels left

rFire    + + .     SeeInvis .   s - +2 quarterstaff (speed)
rCold    . . .     Gourm    .   (shield currently unavailable)
rNeg     + . .     Faith    .   H - +2 robe {rF+}
rPois    ∞         Spirit   .   d - +1 helmet
rElec    +         Reflect  .   p - +2 cloak of a Million Dancing Lies {Slay+2}
rCorr    .         Harm     .   (no gloves)
MR       .....                  i - +0 pair of boots
Stlth    ++........             (no amulet)
HPRegen  0.16/turn              h - ring of protection from cold
MPRegen  0.16/turn              q - ring of fire

@: no status effects
A: negative energy resistance 1, electricity resistance, unbreathing,
petrification resistance, rot immunity, AC +6
a: no special abilities


You were on level 7 of the Dungeon.
You were not hungry.

You visited 2 branches of the dungeon, and saw 8 of its levels.
You also visited: Ossuary.

You collected 356 gold pieces.

Inventory:

Hand Weapons
 n - a +3 flail
 s - a +2 quarterstaff of speed (weapon)
 G - a +2 whip of flaming
 I - a +3 quarterstaff of chaos
Missiles
 b - 105 stones (quivered)
Armour
 d - a +1 helmet (worn)
 i - a +0 pair of boots (worn)
 p - the +2 cloak of a Million Dancing Lies (worn) {Slay+2}
   (You found it on level 4 of the Dungeon)

   It affects your accuracy and damage with ranged weapons and melee attacks
   (+2).
 x - a +3 leather armour of magic resistance
 H - a +2 robe of fire resistance (worn)
Jewellery
 h - a ring of protection from cold (left hand)
 j - a +6 ring of dexterity
 q - a ring of fire (right hand)
Wands
 r - a wand of enslavement (8)
 w - a wand of flame (16)
Scrolls
 l - 2 scrolls of magic mapping
 m - 3 scrolls of blinking
 o - a scroll of teleportation
 y - 2 scrolls of remove curse
 A - a scroll of fog
Potions
 a - a potion of berserk rage {unknown}
 e - 4 potions of curing
 f - 2 potions of might
 g - 3 potions of haste
 k - 2 potions of resistance
 u - 2 potions of ambrosia {unknown}
 z - a potion of cancellation {unknown}
 B - 2 potions of magic
 D - a potion of mutation {unknown}
 E - 2 potions of stabbing {unknown}
 F - a potion of brilliance {unknown}
Comestibles
 c - 5 rations
 t - 3 chunks of flesh


   Skills:
 + Level 2.1 Fighting
 + Level 2.1(3.1) Maces & Flails
 + Level 3.5(3.8) Staves
 + Level 2.8 Dodging
 - Level 3.0 Stealth
 + Level 6.6 Spellcasting
 + Level 7.6 Conjurations
 * Level 4.2 Translocations
 + Level 2.7 Earth Magic


You had 13 spell levels left.
You knew the following spells:

 Your Spells              Type           Power        Failure   Level  Hunger
a - Magic Dart            Conj           ####         1%          1    None
b - Searing Ray           Conj           #####.       1%          2    None
c - Iskenderun's Mystic   Conj/Tloc      ####....     9%          4    ####...
d - Sandblast             Erth           ###...       3%          1    None

Your spell library contained the following spells:

 Spells                   Type           Power        Failure   Level  Hunger
 Dazzling Flash           Conj/Hex       ###...       6%          3    ##.....
 Animate Skeleton         Necr           N/A          11%         1    None
 Pain                     Necr           #...         11%         1    None
 Fulminant Prism          Conj/Hex       ###.......   22%         4    ####...
 Vampiric Draining        Necr           #.........   32%         3    ##.....
 Petrify                  Tmut/Erth      ##......     52%         4    ####...
 Animate Dead             Necr           N/A          71%         4    ####...
 Agony                    Necr           #.......     96%         5    #####..
 Shatter                  Erth           ###.......   100%        9    #######


Dungeon Overview and Level Annotations

Branches:
Dungeon (7/15)             Temple (1/1) D:6         Ossuary (visited)

Altars:
Ashenzari
Cheibriados
Dithmenos
Elyvilon
Fedhas
Gozag
Hepliaklqana
Kikubaaqudgha
Makhleb
Nemelex Xobeh
Okawaru
Trog
Uskayaw
Vehumet
Wu Jian
Xom
Yredelemnul
Zin
The Shining One

Annotations:
D:7 Duvessa


Innate Abilities, Weirdness & Mutations

You are resistant to torment.
Your stone body is resilient. (AC +6)
You are immune to poison.
You resist negative energy. (rN+)
You are resistant to electric shocks. (rElec)
You can survive without breathing.
You are immune to petrification.
You are immune to rotting.


Message History

The searing ray hits Duvessa.
Duvessa is severely wounded.
You finish channeling your searing ray.
Duvessa hits you with a +1 rapier of venom.
Casting: Searing Ray (safe; 1% risk of failure)
Confirm with . or Enter, or press ? or * to list all spells.
Aiming: Searing Ray (safe; 1% risk of failure)
Press: ? - help, Shift-Dir - straight line, f/p - Duvessa
Aim: Duvessa, wielding a +1 rapier of venom and wearing a +1 chain mail of fire resistance (severely wounded, berserk)
The searing ray hits Duvessa but does no damage.
Duvessa is severely wounded. (Press . to maintain the ray.) Duvessa hits you with a +1 rapier of venom!
* * * LOW HITPOINT WARNING * * *
The searing ray hits Duvessa but does no damage.
Duvessa is severely wounded.
You are no longer glowing.
Duvessa barely misses you.
Duvessa hits you with a +1 rapier of venom!
You die...

#. . .## ..#
####### # #.#
#.....# ##.#.##.#
#.....# #.....e.#
#.....# .. #.#@#
#.....# #..##.#.#
#.....# #.......#
.....# #.##.##.#
##.<.# #.##.##.#
.....# #.......#
#....########.####
#.#..##...# #.#
..........###.#


You could see Duvessa (berserk).

Vanquished Creatures
  Pikel (D:6)
  Eustachio (D:6)
  Menkaure (D:4)
  4 slaves (D:6)
  A phantom (D:4)
  An ogre (D:7)
  A centaur (D:6)
  A bullfrog (D:6)
  Dowan (D:7)
  5 scorpions
  A troll zombie (Ossuary)
  A jelly (D:5)
  A crimson imp (D:5)
  A human zombie (Ossuary)
  3 hounds
  2 centaur zombies (Ossuary)
  A bullfrog skeleton (D:6)
  2 orc priests (D:5)
  Crazy Yiuf (D:6)
  4 worker ants
  3 iguanas
  2 ogre zombies (Ossuary)
  7 mummies (Ossuary)
  7 gnolls (D:3)
  An adder (D:2)
  2 shadow imps
  5 adder zombies
  A worm zombie (D:6)
  6 leopard geckos
  7 orcs
  6 bats
  3 giant cockroaches
  9 goblins
  3 hobgoblins
  10 jackals
  3 quokkas
  A ball python (D:5)
  3 frilled lizards
  6 goblin zombies (Ossuary)
  5 hobgoblin zombies (Ossuary)
  A jackal zombie (D:6)
  4 kobolds
  2 kobold zombies (Ossuary)
  2 quokka skeletons
  2 quokka zombies (Ossuary)
  4 rats
  5 rat zombies (Ossuary)
  A fungus (D:6)
145 creatures vanquished.

Notes
Turn   | Place    | Note
-------+----------+-------------------------------------------
     0 | D:1      | funkygono the Gargoyle Conjurer began the quest for the
                  | Orb.
     0 | D:1      | Reached XP level 1. HP: 10/10 MP: 3/3
   671 | D:1      | Reached XP level 2. HP: 15/15 MP: 3/5
   675 | D:1      | Learned a level 2 spell: Searing Ray
  1203 | D:2      | Reached skill level 5 in Conjurations
  1346 | D:2      | Reached XP level 3. HP: 19/19 MP: 0/6
  1614 | D:2      | Reached XP level 4. HP: 24/24 MP: 5/7
  2626 | D:3      | Reached XP level 5. HP: 28/28 MP: 1/9
  2657 | D:3      | Reached skill level 1 in Maces & Flails
  3004 | D:3      | Learned a level 4 spell: Iskenderun's Mystic Blast
  3401 | D:4      | Got a polished cloak
  3407 | D:4      | Identified the +2 cloak of a Million Dancing Lies {Slay+2}
                  | (You found it on level 4 of the Dungeon)
  3486 | D:4      | Reached skill level 1 in Fighting
  3486 | D:4      | Reached skill level 6 in Conjurations
  3486 | D:4      | Reached XP level 6. HP: 31/34 MP: 1/10
  3606 | D:4      | Noticed Menkaure
  3622 | D:4      | Killed Menkaure
  3622 | D:4      | Reached skill level 1 in Translocations
  3740 | D:4      | Noticed a phantom
  3762 | D:4      | Killed a phantom
  3762 | D:4      | Reached XP level 7. HP: 38/38 MP: 1/12
  3945 | D:4      | Found a shattered altar of Ashenzari.
  4065 | D:4      | Found a blossoming altar of Fedhas.
  4316 | D:5      | Entered Level 5 of the Dungeon
  4848 | D:5      | Found a glowing golden altar of the Shining One.
  5295 | D:5      | Reached skill level 5 in Spellcasting
  5442 | D:5      | Reached XP level 8. HP: 39/43 MP: 12/15
  5540 | D:5      | Reached skill level 7 in Conjurations
  5819 | D:5      | Identified a scroll of acquirement
  5819 | D:5      | Acquired Xaplooli's Papyrus of the Mountains
  5823 | D:5      | Learned a level 1 spell: Sandblast
  5931 | D:6      | Noticed Eustachio
  5945 | D:6      | Killed Eustachio
  6375 | D:6      | Noticed Pikel
  6482 | D:6      | Found a blossoming altar of Fedhas.
  6609 | D:6      | Found a sand-covered staircase.
  6615 | D:6      | Found a staircase to the Ecumenical Temple.
  6636 | Ossuary  | Entered an ossuary
  7538 | Ossuary  | Reached skill level 1 in Staves
  7538 | Ossuary  | Reached skill level 1 in Earth Magic
  7816 | Temple   | Entered the Ecumenical Temple
  8007 | D:6      | Killed Pikel
  8007 | D:6      | Reached XP level 9. HP: 48/48 MP: 3/18
  8376 | D:6      | Found a runed translucent door.
  8377 | D:6      | Noticed Crazy Yiuf
  8384 | D:6      | Killed Crazy Yiuf
  8638 | D:7      | Noticed Dowan
  8639 | D:7      | Noticed Duvessa
  8644 | D:7      | Killed Dowan
  8655 | D:7      | Mangled by Duvessa

Illustrated notes

Levels and vault maps discovered:
D:1:      lightli_molten_gateway, layout_loops_ring, hangedman_decor_peaks_small
D:2:      layout_rooms, kennysheep_flooded_box
D:3:      layout_rooms
D:4:      layout_basic, lemuel_round_altar, fedhas_altar_1, uniq_menkaure
D:5:      layout_basic, nicolae_overflow_hidden_temple, first_ration,
          lightli_corner_chamber
D:6:      layout_basic, minmay_temple_entry_drinking_statues, enter_ossuary_3,
          basic_altar, uniq_eustachio, uniq_pikel, uniq_crazy_yiuf_cottage
D:7:      layout_loops_cross, grunt_livestock, uniq_duvessa
Temple:   eino_temple_scatter_basement

Skill      XL: |  1  2  3  4  5  6  7  8  9 |
---------------+----------------------------+-----
Conjurations   | 5 6 7 |  7.6
Dodging        | 2 |  2.8
Maces & Flails | 1 2 |  2.1
Spellcasting   | 3 5 6 |  6.6
Fighting       | 1 2 |  2.1
Stealth        | 3 |  3.0
Translocations | 1 2 3 4 |  4.2
Staves         | 2 3 |  3.5
Earth Magic    | 2 |  2.7

Action                   |  1- 3 |  4- 6 |  7- 9 || total
-------------------------+-------+-------+-------++-------
Melee: Club              |    20 |     5 |       ||    25
       Unarmed           |     3 |       |       ||     3
       Flail             |       |     2 |       ||     2
       Quarterstaff      |       |       |    43 ||    43
 Cast: Magic Dart        |    45 |    75 |   103 ||   223
       Searing Ray       |     1 |    14 |    40 ||    55
       Sandblast         |       |       |    53 ||    53
  Use: Scroll            |     5 |     6 |    11 ||    22
       Potion            |     1 |       |       ||     1
 Stab: Sleeping          |       |       |     1 ||     1
  Eat: Chunk             |     3 |     6 |     7 ||    16
       Ration            |       |       |     3 ||     3
Armor: Robe              |     6 |     7 |    35 ||    48
       Skin              |       |       |     2 ||     2
Dodge: Dodged            |    23 |    25 |    45 ||    93
